[Event "Titled Tuesday Blitz March 21 Early 2023"]
[White "Zaichenko, Daria"]
[Black "Ingebretsen, Jens E"]
[WhiteFideId "4197453"]
[BlackFideId "1522965"]
[WhiteElo "2039"]
[BlackElo "2213"]
[Result "0-1"]
[Round "05"]
[TimeControl "180+2"]
[Date "2023.03.21"]
[WhiteClock "0:00:01"]
[BlackClock "0:00:54"]

1. e4 c5 2. Nf3 Nc6 3. d4 cxd4 4. Nxd4 Nf6 5. Nc3 e5 6. Ndb5 d6 7. Bg5 a6 8. Na3 b5 9. Nd5 Be7 10. Bxf6 Bxf6 11. c3 Ne7 12. Nxf6+ gxf6 13. Bd3 Bb7 14. Nc2 d5 15. f3 f5 16. exd5 Qxd5 17. Nb4 Qc5 18. Qe2 Rd8 19. Rd1 Rg8 20. Kf1 e4 21. Bc2 Rxd1+ 22. Bxd1 Ng6 23. Nd3 Qe7 24. Ne1 Nf4 25. Qe3 Nd5 26. Qa7 Qc7 27. Qd4 Qb6 28. fxe4 Qxd4 29. cxd4 fxe4 30. Nc2 f5 31. g3 f4 32. gxf4 Nxf4 33. Rg1 Rxg1+ 34. Kxg1 Nd3 35. b4 Nb2 36. Bh5+ Ke7 37. Kf2 Ke6 38. a3 Nc4 39. Bg4+ Kd5 40. Ke2 Nd6 41. h4 Kc4 42. Kd2 Bd5 43. h5 h6 44. Bd7 Bf7 45. Bg4 Kb3 46. Bd1 Kb2 47. Bg4 Nc4+ 48. Kd1 Kc3 49. Bd7 Bxh5+ 0-1


[Site "https://www.chess.com"]

[Event "Titled Tuesday Blitz March 21 Early 2023"]
[White "TigranHH"]
[Black "benny_aizenberg"]
[WhiteElo "2296"]
[BlackElo "2570"]
[Result "0-1"]
[Round "05"]
[TimeControl "180+2"]
[Date "2023.03.21"]
[WhiteClock "0:01:24"]
[BlackClock "0:01:14"]

1. d4 Nf6 2. Nf3 e6 3. c4 c5 4. d5 b5 5. Bg5 h6 6. Bxf6 Qxf6 7. Qc2 bxc4 8. Nc3 d6 9. e4 Be7 10. Bxc4 O-O 11. O-O Nd7 12. dxe6 fxe6 13. Qb3 Nb6 14. e5 dxe5 15. Ne4 Qf5 16. Ng3 Qf6 17. Ne4 Qg6 18. Bd3 Rxf3 19. Nxc5 e4 20. Bxe4 Rxb3 21. Bxg6 Rxb2 22. Nxe6 Bxe6 23. Rae1 Bc4 0-1


[Site "https://www.chess.com"]

[Event "Titled Tuesday Blitz March 21 Early 2023"]
[White "Ismagilov, Damir"]
[Black "monkins"]
[WhiteFideId "34199982"]
[WhiteElo "2078"]
[BlackElo "2247"]
[Result "1-0"]
[Round "05"]
[TimeControl "180+2"]
[Date "2023.03.21"]
[WhiteClock "0:00:39"]
[BlackClock "0:00:02"]

1. c4 Nf6 2. Nc3 c5 3. g3 d5 4. cxd5 Nxd5 5. Bg2 Nc7 6. Nf3 Nc6 7. O-O g6 8. b3 Bg7 9. Bb2 O-O 10. Qc1 b6 11. Na4 Bb7 12. Bxg7 Kxg7 13. Ne5 Qd6 14. Nxc6 Bxc6 15. Bxc6 Qxc6 16. d4 Ne6 17. dxc5 bxc5 18. Qc3+ Kg8 19. Rac1 Rac8 20. h4 Qe4 21. Qc4 Nd4 22. Nc3 Qe5 23. Rfd1 h5 24. e3 Ne6 25. Rd5 Qc7 26. Ne4 Rfd8 27. Rcd1 Rxd5 28. Rxd5 Qa5 29. a4 Rc7 30. Kg2 Qb6 31. Nc3 Qc6 32. Qb5 Qa8 33. Kg1 1-0


[Site "https://www.chess.com"]

[Event "Titled Tuesday Blitz March 21 Early 2023"]
[White "Nefedov, Sergey"]
[Black "Ardila, Oscar Humberto"]
[WhiteFideId "24113417"]
[BlackFideId "4404742"]
[WhiteElo "2227"]
[BlackElo "1911"]
[Result "1-0"]
[Round "05"]
[TimeControl "180+2"]
[Date "2023.03.21"]
[WhiteClock "0:00:19"]
[BlackClock "0:00:04"]

1. d4 Nf6 2. Nf3 g6 3. c4 Bg7 4. Nc3 O-O 5. Bg5 h6 6. Bf4 d6 7. Qd2 Kh7 8. h4 Nh5 9. e4 Nxf4 10. Qxf4 e5 11. dxe5 dxe5 12. Qe3 c6 13. Rd1 Qb6 14. b3 Qxe3+ 15. fxe3 Bg4 16. Be2 Kg8 17. Kf2 Na6 18. a3 Rad8 19. b4 Nc7 20. c5 Bf6 21. Nd2 Be6 22. Nc4 Kg7 23. Nd6 b6 24. h5 bxc5 25. bxc5 Rb8 26. Rb1 Bg5 27. Rb4 a5 28. Rb6 Nb5 29. Ncxb5 cxb5 30. Bxb5 Rxb6 31. cxb6 Rb8 32. b7 Be7 33. Ne8+ Kf8 34. hxg6 fxg6 35. Rxh6 Rxb7 36. Rh8+ Kf7 37. a4 Bb4 38. Rh7+ Kf8 39. Rxb7 g5 40. Nf6 g4 41. Nd7+ Ke7 42. Nxe5+ Kd6 43. Nc6 Kc5 44. Nd4 Ba2 45. e5 1-0


[Site "https://www.chess.com"]

[Event "Titled Tuesday Blitz March 21 Early 2023"]
[White "Adithya A Chullikkad"]
[Black "The_Sherman_Variation"]
[WhiteFideId "45078734"]
[WhiteElo "1984"]
[BlackElo "2551"]
[Result "0-1"]
[Round "05"]
[TimeControl "180+2"]
[Date "2023.03.21"]
[WhiteClock "0:00:26"]
[BlackClock "0:00:54"]

1. d4 Nf6 2. Bf4 c5 3. e3 e6 4. c3 Nc6 5. h3 Qb6 6. Qb3 Be7 7. Nf3 d5 8. Nbd2 Bd7 9. Qc2 Rc8 10. Bd3 cxd4 11. exd4 Nb4 12. Qb1 Nxd3+ 13. Qxd3 Qxb2 14. Rb1 Qxc3 15. Qxc3 Rxc3 16. O-O b6 17. Bb8 Ra3 18. Rb2 O-O 19. Be5 Rc8 20. Nb3 Ne4 21. Nfd2 Nxd2 22. Rxd2 Bf6 23. Bxf6 gxf6 24. f4 f5 25. Rf3 Ba4 26. Rdd3 Bxb3 27. axb3 Rc2 28. Rg3+ Kf8 29. Rg5 Rb2 30. Rgg3 a5 31. Rc3 Raa2 32. Rc8+ Ke7 33. Rc7+ Kf6 34. Rb7 Ra3 35. Rxb6 a4 36. Rg8 Raxb3 37. Ra6 a3 38. Ra7 a2 39. Kh2 Rb7 40. Ra3 Rc7 41. Rga8 Rcc2 42. Kg3 Rxg2+ 43. Kh4 Rg6 44. Rxa2 Rb3 0-1


[Site "https://www.chess.com"]

[Event "Titled Tuesday Blitz March 21 Early 2023"]
[White "Garv Gaur"]
[Black "lisjakzlatko1"]
[WhiteFideId "45030839"]
[WhiteElo "2068"]
[BlackElo "2211"]
[Result "1-0"]
[Round "05"]
[TimeControl "180+2"]
[Date "2023.03.21"]
[WhiteClock "0:00:51"]
[BlackClock "0:00:04"]

1. d4 d6 2. c4 e5 3. Nf3 e4 4. Ng1 f5 5. Nc3 Be7 6. g3 Nf6 7. h4 c6 8. d5 O-O 9. Nh3 Na6 10. Bg2 Nc7 11. Nf4 g6 12. b3 c5 13. Bb2 Ng4 14. e3 Bf6 15. Qc2 a6 16. Rd1 b5 17. O-O bxc4 18. bxc4 Rb8 19. Rb1 Bxh4 20. gxh4 Qxh4 21. Rfd1 g5 22. Nh3 Ne5 23. Ne2 Nd3 24. Rxd3 exd3 25. Qc3 Rxb2 26. Qxb2 f4 27. Nexf4 gxf4 28. Nxf4 Kf7 29. Qc3 Rg8 30. Qxd3 Bh3 31. Rb7 1-0


[Site "https://www.chess.com"]

[Event "Titled Tuesday Blitz March 21 Early 2023"]
[White "Gubajdullin, Alexei"]
[Black "Delorme, Alban"]
[WhiteFideId "4141202"]
[BlackFideId "623636"]
[WhiteElo "2267"]
[BlackElo "2196"]
[Result "0-1"]
[Round "05"]
[TimeControl "180+2"]
[Date "2023.03.21"]
[WhiteClock "0:00:07"]
[BlackClock "0:00:05"]

1. d4 Nf6 2. Nf3 g6 3. Bf4 Bg7 4. e3 O-O 5. Be2 d6 6. O-O c5 7. c3 Nc6 8. Nbd2 h6 9. h3 Bf5 10. dxc5 dxc5 11. Nc4 Qxd1 12. Rfxd1 Rfd8 13. a4 Ne4 14. Bc7 Rdc8 15. Bh2 Be6 16. Bf1 Rd8 17. a5 Rac8 18. a6 b6 19. Na3 Bb3 20. Rxd8+ Rxd8 21. Nb5 Nd2 22. Be2 Bc4 23. Bxc4 Nxc4 24. b3 Nd2 25. Nxd2 Rxd2 26. Bc7 Rb2 27. Nxa7 Nxa7 28. Bxb6 Nc8 29. a7 Nxb6 30. Ra6 Na8 31. Rc6 Bxc3 32. Rxc5 Be5 33. g3 Ra2 34. Rc8+ Kg7 35. Rxa8 Bc7 36. b4 Bb6 37. b5 Rxa7 38. Rb8 Bc7 39. Rc8 Bd6 40. Kg2 Rb7 41. e4 Rxb5 42. f4 Rb2+ 43. Kf3 Rb3+ 44. Kg2 h5 45. e5 Bb4 46. Rb8 Rb2+ 47. Kf3 Bc3 48. Rc8 Rb3 49. g4 Bxe5+ 50. Ke4 hxg4 51. hxg4 Bd6 52. f5 Rb4+ 53. Kf3 gxf5 54. Ke3 fxg4 55. Kf2 Rb2+ 56. Ke3 Rb3+ 57. Kf2 Kf6 58. Rc4 Rf3+ 59. Kg2 Kf5 60. Rd4 Bf4 61. Rc4 e5 62. Rc2 Rh3 63. Ra2 Rh2+ 64. Kg1 Rxa2 65. Kh1 g3 66. Kg1 Ke4 67. Kh1 Kf3 68. Kg1 Ra1# 0-1


[Site "https://www.chess.com"]

[Event "Titled Tuesday Blitz March 21 Early 2023"]
[White "Palacio,Igor Da Paz"]
[Black "Andreev, Konstantin"]
[WhiteFideId "2121140"]
[BlackFideId "24239305"]
[WhiteElo "2126"]
[BlackElo "2106"]
[Result "0-1"]
[Round "05"]
[TimeControl "180+2"]
[Date "2023.03.21"]
[WhiteClock "0:00:07"]
[BlackClock "0:00:12"]

1. e4 c5 2. Nc3 e6 3. g3 Nc6 4. Bg2 a6 5. d3 Nge7 6. f4 d6 7. Nf3 g6 8. O-O Bg7 9. Be3 O-O 10. Rb1 b6 11. h3 b5 12. a3 Bb7 13. Kh2 Qc7 14. Bf2 Rae8 15. Qe2 f5 16. Ng5 Bc8 17. Qd1 h6 18. Nf3 Bb7 19. Ne2 Kh7 20. e5 dxe5 21. Bxc5 Nd4 22. Nexd4 exd4 23. Bxd4 Bxf3 24. Qxf3 Bxd4 25. c3 Bf6 26. Rfe1 Nd5 27. Re2 Rf7 28. Rbe1 Rfe7 29. d4 Nb6 30. h4 Nc4 31. h5 g5 32. Kg1 gxf4 33. gxf4 Bh4 34. Rf1 Rg8 35. Kh1 Rg3 36. Qa8 Reg7 37. Rg1 Qxf4 38. Rf1 Qg4 39. Qc6 Bg5 40. Qxe6 Qh4+ 41. Kg1 Be3+ 42. Rxe3 Rxg2# 0-1


[Site "https://www.chess.com"]

[Event "Titled Tuesday Blitz March 21 Early 2023"]
[White "Lwanga, Aguda"]
[Black "Ljukin, Sergei"]
[WhiteFideId "10801529"]
[BlackFideId "14102200"]
[WhiteElo "1475"]
[BlackElo "2312"]
[Result "1-0"]
[Round "05"]
[TimeControl "180+2"]
[Date "2023.03.21"]
[WhiteClock "0:00:03"]
[BlackClock "0:00:02"]

1. e4 e6 2. d4 d5 3. Nd2 Nf6 4. e5 Nfd7 5. Bd3 c5 6. c3 Nc6 7. Ne2 cxd4 8. cxd4 f6 9. exf6 Qxf6 10. Nf3 h6 11. O-O Bd6 12. Ng3 O-O 13. Be3 Rd8 14. Rc1 Nf8 15. Bb1 Bd7 16. a3 Be8 17. Re1 g5 18. h3 Rac8 19. Qd3 Bg6 20. Qe2 Bf7 21. Bd2 Nxd4 22. Nxd4 Qxd4 23. Bc3 Qf4 24. Rcd1 Rc4 25. Rd3 Re4 26. Qd1 Rxe1+ 27. Qxe1 Qc4 28. Rf3 Qc7 29. Qe3 Qb6 30. Qd2 d4 31. Ba5 Qc6 32. Bxd8 e5 33. Nf5 Bc5 34. Nxh6+ Qxh6 35. Qd3 Qg7 36. Qb5 b6 37. Qc6 1-0


[Site "https://www.chess.com"]

[Event "Titled Tuesday Blitz March 21 Early 2023"]
[White "Spitzl, Vinzent"]
[Black "Loiacono, Antonio"]
[WhiteFideId "12901253"]
[BlackFideId "895415"]
[WhiteElo "2225"]
[BlackElo "2257"]
[Result "0-1"]
[Round "05"]
[TimeControl "180+2"]
[Date "2023.03.21"]
[WhiteClock "0:00:13"]
[BlackClock "0:00:23"]

1. e4 e5 2. Nf3 Nc6 3. Bb5 a6 4. Ba4 g6 5. O-O Bg7 6. c3 Nge7 7. d4 exd4 8. cxd4 b5 9. Bc2 d5 10. exd5 Nb4 11. Nc3 Nxc2 12. Qxc2 O-O 13. Bg5 h6 14. Bh4 g5 15. Bg3 Nxd5 16. Nxd5 Qxd5 17. Qxc7 Bb7 18. h3 Rac8 19. Qd6 Qf5 20. Qb6 Bxf3 21. gxf3 Qxh3 22. Rac1 Rcd8 23. Rfd1 Rfe8 24. Qxa6 Bxd4 25. Rxd4 Rxd4 26. Qf6 Red8 27. Re1 Rd1 28. Qe5 Qe6 29. Rxd1 Rxd1+ 30. Kg2 Qxe5 31. Bxe5 f5 32. a3 Kf7 33. Bc3 h5 34. Be5 Ke6 35. Bc3 Rc1 36. Bg7 f4 37. Bd4 Kf5 38. Bg7 g4 39. fxg4+ hxg4 40. Bd4 Rc2 41. Bc3 g3 42. Bd4 Ke4 0-1


[Site "https://www.chess.com"]

[Event "Titled Tuesday Blitz March 21 Early 2023"]
[White "Jaskolka, Tomasz"]
[Black "Mazurkiewicz, Michal"]
[WhiteFideId "1170791"]
[BlackFideId "1124943"]
[WhiteElo "2155"]
[BlackElo "2054"]
[Result "0-1"]
[Round "05"]
[TimeControl "180+2"]
[Date "2023.03.21"]
[WhiteClock "0:00:21"]
[BlackClock "0:00:17"]

1. d4 Nf6 2. c4 e5 3. dxe5 Ng4 4. e4 Nxe5 5. f4 Nec6 6. Be3 Bb4+ 7. Nc3 a5 8. Nf3 Na6 9. Bd3 d6 10. O-O O-O 11. Qe1 f5 12. a3 Nc5 13. Bc2 Bxc3 14. Qxc3 Nxe4 15. Qd3 Be6 16. Rfe1 Qf6 17. Nd4 Nxd4 18. Bxd4 Qf7 19. b3 a4 20. Bb2 axb3 21. Bxb3 b5 22. Rac1 Rfb8 23. Qd4 bxc4 24. Bxc4 Bxc4 25. Rxc4 Rxb2 26. Rec1 Rab8 27. g4 c5 28. Qd3 Qg6 29. g5 Qh5 30. R1c2 Qg4+ 31. Kf1 Qxf4+ 32. Kg2 Qxg5+ 33. Kf3 Qg4+ 34. Ke3 R2b3 35. R4c3 Rxc3 36. Rxc3 Nxc3 37. Qxd6 Qe4+ 38. Kd2 Qd5+ 39. Qxd5+ Nxd5 40. Kd3 Ra8 41. h4 Rxa3+ 42. Kc4 Rh3 43. h5 Rxh5 44. Kd3 Rh4 45. Ke2 Rf4 46. Ke1 g5 47. Ke2 g4 48. Ke1 g3 49. Kd2 g2 50. Ke2 g1=Q 51. Kd2 Qg3 52. Ke2 Rf2+ 53. Kd1 Qg1# 0-1


[Site "https://www.chess.com"]

[Event "Titled Tuesday Blitz March 21 Early 2023"]
[White "Tarasova, Viktoriya"]
[Black "Borgaonkar Akshay"]
[WhiteFideId "4175840"]
[BlackFideId "25639110"]
[WhiteElo "2182"]
[BlackElo "2063"]
[Result "1-0"]
[Round "05"]
[TimeControl "180+2"]
[Date "2023.03.21"]
[WhiteClock "0:00:05"]
[BlackClock "0:00:16"]

1. d4 Nf6 2. c4 g6 3. Nc3 Bg7 4. e4 O-O 5. h3 d6 6. Be3 Nbd7 7. g4 c5 8. d5 e6 9. dxe6 Ne5 10. exf7+ Rxf7 11. Be2 Nc6 12. Nf3 Qe7 13. Qc2 Ne5 14. Ng5 Rf8 15. f4 Nf7 16. Nxf7 Qxf7 17. O-O-O Be6 18. b3 Rad8 19. f5 Bc8 20. g5 Nxe4 21. f6 Nxc3 22. Qxc3 Bh8 23. Bf3 Rfe8 24. Bf4 h6 25. h4 h5 26. Bxd6 Kh7 27. Bxc5 Bf5 28. Bd5 Qc7 29. Bd4 Qf4+ 30. Kb2 b5 31. Rhf1 Re2+ 32. Ka1 Qh2 33. Rf2 Rxf2 34. Bxf2 Qxf2 35. Qe5 Rd7 36. cxb5 Qc2 37. Bg8+ Kxg8 38. Qe8+ Kh7 39. Rxd7+ Bxd7 40. Qxd7+ Kg8 41. Qe8+ Kh7 42. Qf7+ Bg7 43. Qxg7# 1-0


[Site "https://www.chess.com"]

[Event "Titled Tuesday Blitz March 21 Early 2023"]
[White "Kavutskiy, Konstantin"]
[Black "Topalov, Aleksandar"]
[WhiteFideId "2026384"]
[BlackFideId "925659"]
[WhiteElo "2369"]
[BlackElo "2151"]
[Result "1-0"]
[Round "05"]
[TimeControl "180+2"]
[Date "2023.03.21"]
[WhiteClock "0:01:57"]
[BlackClock "0:01:07"]

1. e4 e6 2. d4 d5 3. Nd2 Nf6 4. e5 Ng8 5. Bd3 Ne7 6. c3 Qd7 7. h4 h5 8. Ndf3 b6 9. Ne2 Ba6 10. O-O Bxd3 11. Qxd3 c5 12. Ng5 Nbc6 13. Ng3 Ng6 14. f4 Nxh4 15. f5 cxd4 16. fxe6 fxe6 17. cxd4 Nxd4 18. Rxf8+ Rxf8 19. Qxd4 Nf5 20. Nxf5 Rxf5 21. Be3 Qe7 22. Qa4+ Kf8 23. Qh4 g6 24. Qg3 Kg7 25. Rc1 Qd7 26. Rc7 1-0


[Site "https://www.chess.com"]

[Event "Titled Tuesday Blitz March 21 Early 2023"]
[White "Mackster23"]
[Black "Escanor89"]
[WhiteElo "2533"]
[BlackElo "2409"]
[Result "1-0"]
[Round "05"]
[TimeControl "180+2"]
[Date "2023.03.21"]
[WhiteClock "0:00:06"]
[BlackClock "0:00:07"]

1. e4 c5 2. Nf3 e6 3. d4 cxd4 4. Nxd4 Nf6 5. Nc3 Nc6 6. Ndb5 Bc5 7. Bf4 O-O 8. Bc7 Qe7 9. Bd6 Bxd6 10. Qxd6 Qd8 11. Qd2 a6 12. Nd6 b5 13. a3 Rb8 14. b4 Bb7 15. Be2 Ne8 16. O-O Nxd6 17. Qxd6 Ne7 18. Rfd1 Bc6 19. Rd4 Qb6 20. Rad1 Nc8 21. Qg3 d6 22. e5 dxe5 23. Qxe5 Ne7 24. h4 Ng6 25. Qg3 h6 26. h5 Ne7 27. Qe5 Rbd8 28. Rd6 Nf5 29. Rxd8 Rxd8 30. Rxd8+ Qxd8 31. Bd3 Ne7 32. Ne4 Bxe4 33. Qxe4 Kf8 34. Qb7 Qc8 35. Be4 Qd8 36. Bf3 Kg8 37. Qxa6 Qd2 38. Qxb5 Nf5 39. Qe8+ Kh7 40. Qxf7 Qe1+ 41. Kh2 Qxf2 42. Qg6+ Kg8 43. Qe8+ Kh7 44. Qxe6 Qg3+ 45. Kg1 1-0


[Site "https://www.chess.com"]

[Event "Titled Tuesday Blitz March 21 Early 2023"]
[White "Reprintsev, Alexander"]
[Black "Savitha Shri B"]
[WhiteFideId "14100541"]
[BlackFideId "35061887"]
[WhiteElo "2229"]
[BlackElo "2191"]
[Result "0-1"]
[Round "05"]
[TimeControl "180+2"]
[Date "2023.03.21"]
[WhiteClock "0:00:06"]
[BlackClock "0:00:06"]

1. e4 c5 2. b3 Nc6 3. Bb2 e6 4. Qe2 d5 5. exd5 Qxd5 6. Nc3 Qd8 7. O-O-O Nf6 8. Ne4 Be7 9. Nf3 O-O 10. g4 Qa5 11. Kb1 b6 12. g5 Nxe4 13. Qxe4 Bb7 14. Bd3 g6 15. a3 Rad8 16. h4 Rd7 17. Qf4 Nd4 18. Nxd4 cxd4 19. b4 Qa4 20. h5 Bxh1 21. Rxh1 Qc6 22. Qh2 Bd6 23. Qh3 Be5 24. f3 a5 25. b5 Qd6 26. Be4 d3 27. Bxd3 Bxb2 28. Kxb2 Qe5+ 29. Kb1 Rc8 30. hxg6 fxg6 31. f4 Qd6 32. Bxg6 Rcc7 33. Be4 Qxf4 34. Qxe6+ Qf7 35. Bxh7+ Kf8 36. Qh6+ Qg7 37. Rf1+ Ke8 38. Bg6+ Kd8 39. Qh2 Rc8 40. Qf2 Rc5 41. d4 Rxb5+ 42. Kc1 Rxg5 43. Bd3 Qh6 44. Kb2 Rg8 45. Qf3 Kc7 46. Rd1 Qd6 47. Bb5 Rf8 48. Qc3+ Kb8 49. Bxd7 Qxd7 50. d5 Rc8 51. Qb3 Ka7 52. c4 Qg7+ 53. Ka2 Rf8 54. Rd2 Rf1 55. Rb2 Qd4 56. a4 Re1 57. Rc2 Ra1# 0-1


[Site "https://www.chess.com"]

[Event "Titled Tuesday Blitz March 21 Early 2023"]
[White "Golubev, Mikhail"]
[Black "Guzman Moneo, Alberto"]
[WhiteFideId "14100983"]
[BlackFideId "2209616"]
[WhiteElo "2374"]
[BlackElo "2157"]
[Result "0-1"]
[Round "05"]
[TimeControl "180+2"]
[Date "2023.03.21"]
[WhiteClock "0:00:02"]
[BlackClock "0:00:41"]

1. e4 c5 2. Nf3 Nc6 3. Nc3 g6 4. d4 cxd4 5. Nxd4 Bg7 6. Be3 Nf6 7. Bc4 O-O 8. Bb3 d6 9. f3 Qa5 10. Qd2 Nxd4 11. Bxd4 Be6 12. O-O-O b5 13. Bxe6 fxe6 14. Kb1 b4 15. Ne2 e5 16. Be3 Qb5 17. Qd3 Qxd3 18. cxd3 a5 19. Rc1 Rfc8 20. Rxc8+ Rxc8 21. Rc1 Ra8 22. Rc7 Kf7 23. Kc2 Ke6 24. Kb3 Nd7 25. Ka4 Ra6 26. Nc1 d5 27. exd5+ Kd6 28. Rc6+ Rxc6 29. dxc6 Kxc6 30. Kxa5 Nf6 31. Bd2 Nd5 32. Ne2 e6 33. Ka4 Bf8 34. Kb3 Bc5 35. Kc2 Kb5 36. h3 h5 37. Bg5 Be3 38. h4 Bxg5 39. hxg5 Ne3+ 40. Kd2 Nxg2 41. d4 Nf4 0-1


[Site "https://www.chess.com"]

[Event "Titled Tuesday Blitz March 21 Early 2023"]
[White "Rose, Felix"]
[Black "Padmini, Rout"]
[WhiteFideId "5105722"]
[BlackFideId "5029295"]
[WhiteElo "2039"]
[BlackElo "2314"]
[Result "0-1"]
[Round "05"]
[TimeControl "180+2"]
[Date "2023.03.21"]
[WhiteClock "0:00:03"]
[BlackClock "0:01:24"]

1. e4 c5 2. Nf3 e6 3. d4 cxd4 4. Nxd4 Nc6 5. Nc3 Qc7 6. Be3 a6 7. Qf3 Nf6 8. O-O-O Ne5 9. Qg3 b5 10. f4 Neg4 11. Bg1 h5 12. e5 b4 13. exf6 bxc3 14. fxg7 cxb2+ 15. Kb1 Bxg7 16. h3 e5 17. fxe5 Bxe5 18. Re1 Kf8 19. Qa3+ Bd6 20. Qf3 Bb7 21. Qf5 Ne5 22. Qf6 Ng6 23. Nf5 Be5 24. Rxe5 Qxe5 25. Bc5+ Kg8 26. Ne7+ Kh7 0-1


[Site "https://www.chess.com"]

[Event "Titled Tuesday Blitz March 21 Early 2023"]
[White "Belov, Alexei"]
[Black "Zanette, Edgard Vinicius"]
[WhiteFideId "4128206"]
[BlackFideId "2109263"]
[WhiteElo "2488"]
[BlackElo "2211"]
[Result "1-0"]
[Round "05"]
[TimeControl "180+2"]
[Date "2023.03.21"]
[WhiteClock "0:02:31"]
[BlackClock "0:01:13"]

1. e4 c5 2. Nf3 d6 3. d4 cxd4 4. Nxd4 Nf6 5. Nc3 a6 6. Be2 e5 7. Nb3 Be7 8. O-O O-O 9. Kh1 Be6 10. f4 exf4 11. Bxf4 Nc6 12. Qe1 Rc8 13. Rd1 Qc7 14. Qg3 Ne5 15. Nd4 b5 16. a3 Ng6 17. Nxe6 fxe6 18. Bxd6 Bxd6 19. Qxd6 Qb7 20. e5 Nd5 21. Qxe6+ 1-0


[Site "https://www.chess.com"]

[Event "Titled Tuesday Blitz March 21 Early 2023"]
[White "lolliNOPE"]
[Black "Castellanos Gomez, Alejandro"]
[BlackFideId "22284141"]
[WhiteElo "2030"]
[BlackElo "2158"]
[Result "1-0"]
[Round "05"]
[TimeControl "180+2"]
[Date "2023.03.21"]
[WhiteClock "0:00:12"]
[BlackClock "0:00:24"]

1. e4 e6 2. d4 d5 3. Nc3 Bb4 4. Ne2 dxe4 5. a3 Be7 6. Nxe4 Nf6 7. N2c3 Nbd7 8. Bd3 O-O 9. O-O Nxe4 10. Nxe4 Nf6 11. c3 Bd7 12. Nxf6+ Bxf6 13. Qh5 g6 14. Qf3 Bc6 15. Be4 Bxe4 16. Qxe4 c6 17. Bh6 Re8 18. Rfe1 Bg5 19. Bxg5 Qxg5 20. Qe5 Qe7 21. Re3 Rad8 22. Rae1 Rd5 23. Qe4 Qf6 24. Rf3 Qg7 25. Rfe3 Red8 26. g3 Qf6 27. Rf3 Qe7 28. Rfe3 Qc7 29. R3e2 Rf5 30. f4 Rfd5 31. Qe3 h5 32. Rd2 c5 33. Red1 Qd7 34. b4 b6 35. bxc5 bxc5 36. a4 Qxa4 37. dxc5 Qxd1+ 38. Rxd1 Rxd1+ 39. Kg2 Rc8 40. Qe5 Rd5 41. Qf6 Rdxc5 42. h3 Rxc3 43. g4 hxg4 44. hxg4 Rc2+ 45. Kg3 R8c3+ 46. Kh4 Rh2+ 47. Kg5 Rc5+ 48. f5 gxf5 49. Qd8+ Kh7 50. Qe7 fxg4+ 51. Qxc5 g3 52. Qe7 Rf2 53. Kg4 g2 54. Qh4+ Kg6 55. Qxf2 f5+ 56. Kf4 e5+ 57. Kxe5 Kg5 58. Qxg2+ Kh4 59. Kf4 a5 60. Qh2# 1-0


[Site "https://www.chess.com"]

[Event "Titled Tuesday Blitz March 21 Early 2023"]
[White "Lorparizangeneh, Shahin"]
[Black "Ronka, Erik"]
[WhiteFideId "12521604"]
[BlackFideId "505080"]
[WhiteElo "2526"]
[BlackElo "2264"]
[Result "1-0"]
[Round "05"]
[TimeControl "180+2"]
[Date "2023.03.21"]
[WhiteClock "0:02:14"]
[BlackClock "0:00:33"]

1. e4 c5 2. Nf3 b6 3. Bc4 Bb7 4. Nc3 e6 5. d4 cxd4 6. Nxd4 Qc7 7. Bb3 a6 8. O-O Nf6 9. f4 Nxe4 10. Nxe4 Bxe4 11. f5 e5 12. Qh5 d5 13. Ne6 Bc5+ 14. Kh1 Qe7 15. Nxg7+ Kd7 16. f6 Qf8 17. Bh6 Nc6 18. Rad1 Kc7 1-0


[Site "https://www.chess.com"]

[Event "Titled Tuesday Blitz March 21 Early 2023"]
[White "Al-Tarboush, Ward"]
[Black "sebastianmarinp"]
[WhiteFideId "7601450"]
[WhiteElo "2257"]
[BlackElo "2281"]
[Result "1-0"]
[Round "05"]
[TimeControl "180+2"]
[Date "2023.03.21"]
[WhiteClock "0:02:04"]
[BlackClock "0:00:34"]

1. e4 e5 2. Nf3 Nc6 3. Bb5 a6 4. Ba4 Nf6 5. O-O b5 6. Bb3 Bb7 7. d4 Nxd4 8. Bxf7+ Kxf7 9. Nxe5+ Kg8 10. Qxd4 c5 11. Qd3 Bxe4 12. Qg3 d6 13. Nf3 Bxc2 14. Bg5 Bg6 15. Nc3 Be7 16. Rad1 Qf8 17. Rfe1 Rd8 18. Rxe7 Qxe7 19. Nd5 Qf7 20. Bxf6 gxf6 21. h4 Kf8 22. Qf4 Rg8 23. Nxf6 Kg7 24. h5 Qxf6 25. h6+ Kf7 26. Ng5+ 1-0


[Site "https://www.chess.com"]

[Event "Titled Tuesday Blitz March 21 Early 2023"]
[White "Orlov, Georgi"]
[Black "Jaivardhan Raj"]
[WhiteFideId "2011271"]
[BlackFideId "25744437"]
[WhiteElo "2610"]
[BlackElo "1772"]
[Result "1-0"]
[Round "05"]
[TimeControl "180+2"]
[Date "2023.03.21"]
[WhiteClock "0:00:20"]
[BlackClock "0:00:14"]

1. e4 c5 2. Nf3 e6 3. d4 cxd4 4. Nxd4 Nc6 5. Nc3 a6 6. Be2 Qc7 7. O-O Nf6 8. Be3 Bb4 9. Na4 O-O 10. Nxc6 bxc6 11. Qd4 Be7 12. c4 c5 13. Qd3 Bb7 14. Nc3 Rfd8 15. Bf3 Bd6 16. h3 Be5 17. Rac1 Bxc3 18. Rxc3 d6 19. Bg5 Qe7 20. Re1 h6 21. Bh4 g5 22. Bg3 e5 23. Bd1 Bc6 24. h4 g4 25. f3 Qb7 26. Qe3 Kg7 27. Rb3 Qd7 28. fxg4 Nxg4 29. Qf3 Nf6 30. h5 Qg4 31. Qxg4+ Nxg4 32. Bxg4 Rab8 33. Bf5 Rxb3 34. axb3 Rb8 35. Re3 a5 36. Bh4 a4 37. Rg3+ Kf8 38. Bh7 f5 39. Rg8+ 1-0


[Site "https://www.chess.com"]

[Event "Titled Tuesday Blitz March 21 Early 2023"]
[White "Jovic, Stanoje"]
[Black "HSH1987"]
[WhiteFideId "905020"]
[WhiteElo "2236"]
[BlackElo "2686"]
[Result "1-0"]
[Round "05"]
[TimeControl "180+2"]
[Date "2023.03.21"]
[WhiteClock "0:00:33"]
[BlackClock "0:00:21"]

1. c4 Nf6 2. g3 g6 3. Bg2 Bg7 4. Nc3 O-O 5. Nf3 c6 6. O-O d5 7. cxd5 cxd5 8. d4 Nc6 9. Ne5 e6 10. f4 Nd7 11. e3 Nb6 12. b3 Bd7 13. Ba3 Re8 14. Rc1 Rc8 15. h4 f6 16. Nd3 Ne7 17. g4 Bc6 18. Nc5 Kf7 19. h5 Nd7 20. g5 f5 21. h6 Bf8 22. Nd3 Qa5 23. Bb2 Bb5 24. Rf2 Bxd3 25. Qxd3 Nc6 26. a3 Qa6 27. Qxa6 bxa6 28. Nxd5 exd5 29. Bxd5+ Re6 30. Rfc2 Ndb8 31. b4 Ke7 32. Bxe6 Kxe6 33. d5+ Kxd5 34. Be5 Re8 35. Bxb8 Nxb8 36. Rc8 Rxc8 37. Rxc8 Nd7 38. Rc7 Ke6 39. Rxa7 Bd6 40. Rxa6 Kd5 41. Ra7 Kc6 42. b5+ 1-0


[Site "https://www.chess.com"]